 Dungeon Crawl Stone Soup version 0.26-a0-737-g4e9f4955e2 (webtiles) character file.

Game seed: 15296365349476582445

66 jiml777 the Magician (level 3, -1/19 HPs)
             Began as a Deep Elf Air Elementalist on Nov 4, 2020.
             Killed by nerve-wracking pain
             ... invoked by Jessica
              (8 damage)
             ... on level 2 of the Dungeon.
             The game lasted 00:09:47 (1439 turns).

jiml777 the Magician (Deep Elf Air Elementalist)    Turns: 1439, Time: 00:09:48

Health: -1/19      AC:  2    Str:  5    XL:     3   Next: 96%
Magic:  9/11       EV: 13    Int: 20    God:
Gold:   54         SH:  0    Dex: 15    Spells: 5/11 levels left

rFire    . . .     SeeInvis .   l - +0 short sword
rCold    . . .     Faith    .   (no shield)
rNeg     . . .     Spirit   .   a - +0 robe
rPois    .         Reflect  .   (no helmet)
rElec    .         Harm     .   (no cloak)
rCorr    .         Rampage  .   (no gloves)
MR       .....                  (no boots)
Stlth    ++........             (no amulet)
HPRegen  0.06/turn              (no ring)
MPRegen  0.12/turn              (no ring)

@: no status effects
A: no striking features
a: no special abilities


You were on level 2 of the Dungeon.
You visited 1 branch of the dungeon, and saw 2 of its levels.

You collected 54 gold pieces.

Inventory:

Hand Weapons
 l - a +0 short sword (weapon)
Missiles
 b - 7 javelins
 e - 23 poisoned darts (quivered)
 g - 11 sling bullets
 j - 15 arrows
Armour
 a - a +0 robe (worn)
Scrolls
 d - a scroll of magic mapping {unknown}
 h - a scroll of identify {unknown}
 i - a scroll of teleportation {unknown}
Potions
 c - 2 potions of haste {unknown}
 f - a potion of curing {unknown}
 k - 2 potions of mutation {unknown}


   Skills:
 + Level 2.6 Dodging
 + Level 2.5 Stealth
 + Level 4.7 Spellcasting
 + Level 1.2 Conjurations
 + Level 3.8 Air Magic


You had 5 spell levels left.
You knew the following spells:

 Your Spells              Type           Power        Failure   Level
a - Shock                 Conj/Air       ##..         4%          1
b - Swiftness             Air            ###.....     3%          2
c - Static Discharge      Conj/Air       ##......     13%         3

Your spell library contained the following spells:

 Spells                   Type           Power        Failure   Level
 Airstrike                Air            ###.......   26%         4
 Lightning Bolt           Conj/Air       ##........   75%         5


Dungeon Overview and Level Annotations

Branches:
Dungeon (2/15)

Altars:

Annotations:
D:2 Jessica


Message History

The zap hits Jessica.
Jessica is moderately wounded.
The zap misses Jessica.
Jessica mumbles some strange words.
Jessica blinks!
Jessica gestures wildly while chanting.
Jessica blinks!
Jessica gestures wildly while chanting.
Jessica blinks!
Casting: Shock (safe; 4% risk of failure)
Confirm with . or Enter, or press ? or * to list all spells.
Aiming: Shock (safe; 4% risk of failure)
Press: ? - help, Shift-Dir - straight line The zap hits Jessica.
Jessica is severely wounded.
The zap hits Jessica.
Jessica is almost dead.
Jessica casts a spell at you. Pain shoots through your body!
You die...

.S.. #.# ....####.#
#......#################
#.....<..............†.#
+.....################.#
#.....# #.#
#.....################.#
####....§..@.........#.#
#########@#######.#.#
###########.......#
#.#.#
#.........#.##....#
#.#.#
#.........#.##..###
#.#.# #.........#.##..#
#.#.# #.........#†##..#
#.#.# #.........#.##..#
#.#.###
#.........'.....#
#.....#
#.........#.###.###
#######


You could see Jessica (fast).

Vanquished Creatures
  Natasha (D:2)
  2 adders (D:2)
  2 dart slugs (D:2)
  3 goblins (D:1)
  4 jackals (D:2)
  A bat (D:1)
  6 kobolds
  5 rats
24 creatures vanquished.

Notes
Turn   | Place    | Note
-------+----------+-------------------------------------------
     0 | D:1      | jiml777 the Deep Elf Air Elementalist began the quest for
                  | the Orb.
     0 | D:1      | Reached XP level 1. HP: 10/10 MP: 6/6
   710 | D:2      | Reached XP level 2. HP: 15/15 MP: 4/8
   788 | D:2      | Noticed Natasha
   863 | D:2      | Noticed a crimson imp
   867 | D:2      | Killed Natasha
   867 | D:2      | Reached skill level 4 in Spellcasting
   867 | D:2      | Reached XP level 3. HP: 11/19 MP: 1/11
  1191 | D:2      | Learned a level 2 spell: Swiftness
  1195 | D:2      | Learned a level 3 spell: Static Discharge
  1351 | D:2      | Noticed Jessica
  1439 | D:2      | Killed from afar by Jessica

Illustrated notes

Levels and vault maps discovered:
D:1:      scummos_arrival_simple_crosswalls, layout_rooms
D:2:      layout_basic, uniq_jessica, uniq_natasha, uniq_sigmund

Skill      XL: |  1  2 |
---------------+-------+-----
Spellcasting   | 4 |  4.7
Dodging        | |  2.6
Stealth        | |  2.5
Conjurations   | |  1.2
Air Magic      | |  3.8

Action                   || total
-------------------------++-------
Melee: Club              ||     5
Throw: Dart              ||     2
 Cast: Shock             ||    49
Armor: Robe              ||    11
Dodge: Dodged            ||    23

Table legend: (Time is in decaauts)
 A = Elapsed time spent in this place.
 B = Non-inter-level travel time spent in this place.
 C = Inter-level travel time spent in this place.
 D = Time resting spent in this place.
 E = Time spent auto-exploring this place.
 F = Levels seen in this place.
 G = Mean time per level.
                   A        B        C        D        E       F      G
               +--------+--------+--------+--------+--------+-----+--------+
         Total |   1439 |   1420 |     19 |    605 |    464 |   2 |  719.5 |
       Dungeon |   1439 |   1420 |     19 |    605 |    464 |   2 |  719.5 |
               +--------+--------+--------+--------+--------+-----+--------+

Top non-repeatable levels by time:
     D:2: 801 daAuts
     D:1: 637 daAuts
